 Dungeon Crawl Stone Soup version 0.31-a0-1576-ga3383bade6 (webtiles) character file.

Game seed: 12121875425084361016

3829 grandjackal the Fighter (level 9, -5/77 HPs)
             Began as a Demonspawn Gladiator on Jan 4, 2024.
             Was a Follower of Makhleb.
             Killed from afar by an electric eel (9 damage)
             ... with a bolt of electricity
             ... on level 8 of the Dungeon.
             The game lasted 00:10:21 (8738 turns).

grandjackal the Fighter (Demonspawn Gladiator)      Turns: 8738, Time: 00:10:21

Health: -5/77      AC: 15    Str: 19    XL:     9   Next: 97%
Magic:  14/14      EV: 28    Int:  9    God:    Makhleb [*.....]
Gold:   329        SH:  4    Dex: 14    Spells: 8/8 levels left

rFire   . . .        H - +3 battleaxe
rCold   + . .        (shield currently unavailable)
rNeg    . . .        z - +3 chain mail
rPois   .            (helmet restricted)
rElec   .            y - +2 cloak
rCorr   .            i - +0 pair of gloves
SInv    .            (no boots)
Will    .....        a - amulet of the acrobat Stlth
                     p - +5 ring of evasion
HPRegen 0.32/turn    v - ring of protection from cold
MPRegen 0.14/turn

%: acrobat
@: acrobatic
A: horns 1, large bone plates 1, powered by pain 1
a: Renounce Religion


You were on level 8 of the Dungeon.
You worshipped Makhleb.
Makhleb was aware of your devotion.
You visited 2 branches of the dungeon, and saw 9 of its levels.

You collected 329 gold pieces.

Inventory:

Hand Weapons
 t - a +0 broad axe
 G - a +0 heavy dire flail
 H - a +3 battleaxe (weapon)
Missiles
 d - 3 throwing nets
 e - a javelin
 l - 8 boomerangs (quivered)
 r - 2 curare-tipped darts
Armour
 i - a +0 pair of gloves (worn)
 y - a +2 cloak (worn)
 z - a +3 chain mail (worn)
Jewellery
 a - an amulet of the acrobat (around neck)
 p - a +5 ring of evasion (left hand)
 v - a ring of protection from cold (right hand)
 B - a +6 ring of intelligence
Wands
 F - a wand of mindburst (6)
 I - a wand of charming (15)
Scrolls
 c - a scroll of revelation {unknown}
 g - a scroll of enchant weapon {unknown}
 h - 4 scrolls of identify {unknown}
 k - a scroll of summoning {unknown}
 o - 2 scrolls of teleportation {unknown}
 s - 5 scrolls of amnesia {unknown}
 w - 2 scrolls of fog {unknown}
 A - a scroll of noise {unknown}
Potions
 b - a potion of lignification {unknown}
 f - 4 potions of curing {unknown}
 j - a potion of degeneration {unknown}
 m - 2 potions of attraction {unknown}
 n - 2 potions of mutation {unknown}
 q - 2 potions of heal wounds {unknown}
 u - a potion of brilliance {unknown}
 x - a potion of invisibility {unknown}
 C - 2 potions of haste {unknown}
 D - a potion of enlightenment {unknown}
 E - a potion of magic {unknown}


   Skills:
 + Level 9.5 Fighting
 + Level 8.9 Axes
 - Level 2.0 Throwing
 - Level 3.0 Dodging
 + Level 7.4 Invocations


You had 8 spell levels left.
You didn't know any spells.
Your spell library contained the following spells:

 Spells                   Type           Power      Damage    Failure   Level
 Blink                    Tloc           0%         N/A       99%         2
 Lesser Beckoning         Tloc           0%         N/A       99%         2
 Momentum Strike          Conj/Tloc      0%         3d8       99%         2
 Tukima's Dance           Hex            0%         N/A       100%        3
 Dimensional Bullseye     Hex/Tloc       0%         N/A       100%        4
 Iskenderun's Mystic Bla  Conj/Tloc      0%         2d3       100%        4


Dungeon Overview and Level Annotations

Branches:
Dungeon (8/15)             Temple (1/1) D:6            Lair (0/5) D:8

Altars:
Cheibriados
Dithmenos
Hepliaklqana
Kikubaaqudgha
Makhleb
Nemelex Xobeh
Qazlal
Ru
Sif Muna
Trog
Uskayaw
Vehumet
Wu Jian
Xom
Yredelemnul

Annotations:
D:5 Pikel
D:6 Jeremiah


Innate Abilities, Weirdness & Mutations

You have a pair of small horns on your head.
You are partially covered in large bone plates. (SH +4)
You sometimes gain a little power by taking damage.


Message History

The electric eel is heavily wounded.
The electric eel shoots out a bolt of lightning at you!
The bolt of electricity hits you.
Unknown command.
Unknown command.
You slash the electric eel! Your headbutt misses the electric eel.
The electric eel is almost dead.
The electric eel shoots out a bolt of lightning at you!
The bolt of electricity hits you!
Unknown command.
You closely miss the electric eel. Your headbutt misses the electric eel.
The electric eel is almost dead.
The electric eel shoots out a bolt of lightning at you!
The bolt of electricity hits you but does no damage.
The electric eel shoots out a bolt of lightning at you!
The bolt of electricity hits you!
Unknown command.
You closely miss the electric eel. Your headbutt misses the electric eel.
The electric eel is almost dead.
The electric eel shoots out a bolt of lightning at you!
The bolt of electricity hits you!
The electric eel shoots out a bolt of lightning at you!
The bolt of electricity hits you!
* * * LOW HITPOINT WARNING * * *
The electric eel shoots out a bolt of lightning at you!
The bolt of electricity hits you!
* * * LOW HITPOINT WARNING * * *
You slash the electric eel!
You kill the electric eel!
Makhleb accepts your kill.
You hear a splash.
The electric eel shoots out a bolt of lightning at you!
The bolt of electricity misses you.
Unknown command.
The electric eel shoots out a bolt of lightning at you!
The bolt of electricity hits you.
* * * LOW HITPOINT WARNING * * *
The electric eel shoots out a bolt of lightning at you!
The bolt of electricity hits you!
You die...

#..................##
##.........[.........#
#.....................
##....................
#########....................
.......<.....................
..........)..................
.###########.................
#########@................
≈≈≈≈≈.....)...............
≈≈≈≈≈~....................
≈≈≈≈S~~~..~~..............
≈≈≈≈≈≈~≈.~~≈.............#
≈~~≈≈≈~.~~≈≈.........^..##
...~≈≈~.~..~~.~≈≈≈~~..........##
..~.~~~~.....~~~~~~~....#######
# ...~~≈≈..>............#..## #


You could see an electric eel.

Vanquished Creatures
  A troll (D:8)
  A hornet (D:6)
  A steam dragon (D:8)
  3 water moccasins
  6 orc warriors
  2 ogres
  A sky beast (D:7)
  A centaur (D:6)
  4 wolves
  2 phantoms (D:6)
  2 lemures (D:5)
  A bullfrog (D:7)
  4 scorpions
  4 wights (D:7)
  3 electric eels (D:8)
  3 howler monkeys
  4 hounds
  A jelly (D:5)
  3 orc priests
  2 gnoll boudas
  5 orc wizards
  2 sleepcaps (D:5)
  4 iguanas
  16 gnolls
  An adder (D:4)
  2 shadow imps
  A white imp (D:7)
  21 orcs
  2 ball pythons (D:2)
  3 bats
  7 endoplasms
  3 giant cockroaches
  12 goblins
  6 hobgoblins
  10 jackals
  3 quokkas
  3 frilled lizards
  7 kobolds
  5 rats
162 creatures vanquished.

Notes
Turn   | Place    | Note
-------+----------+-------------------------------------------
     0 | D:1      | grandjackal the Demonspawn Gladiator began the quest for
                  | the Orb.
     0 | D:1      | Reached XP level 1. HP: 16/16 MP: 1/1
   211 | D:1      | Gained mutation: You sometimes gain a little power by
                  | taking damage. [demonic ancestry]
   211 | D:1      | Reached XP level 2. HP: 22/22 MP: 2/2
   965 | D:2      | Gained mutation: You have a pair of small horns on your
                  | head. [demonic ancestry]
   965 | D:2      | Reached XP level 3. HP: 6/28 MP: 3/3
  1150 | D:2      | Reached skill level 3 in Fighting
  1752 | D:3      | Found a faded altar of an unknown god.
  1958 | D:3      | Noticed an ogre
  1960 | D:3      | Reached XP level 4. HP: 35/35 MP: 4/4
  1974 | D:3      | Killed an ogre
  1975 | D:3      | Reached XP level 5. HP: 42/42 MP: 5/5
  2208 | D:3      | Reached skill level 4 in Fighting
  2879 | D:4      | Reached XP level 6. HP: 48/49 MP: 6/6
  3107 | D:4      | Reached skill level 5 in Fighting
  3107 | D:4      | Reached skill level 5 in Axes
  3427 | D:5      | Entered Level 5 of the Dungeon
  3579 | D:5      | Gained mutation: You are partially covered in large bone
                  | plates. (SH +4) [demonic ancestry]
  3579 | D:5      | Reached XP level 7. HP: 56/56 MP: 7/7
  3586 | D:5      | Noticed Pikel
  4067 | D:5      | Reached skill level 6 in Fighting
  4685 | D:6      | Noticed Jeremiah
  4984 | D:6      | Reached XP level 8. HP: 37/65 MP: 8/8
  5166 | D:6      | Reached skill level 7 in Fighting
  5365 | D:6      | Found a staircase to the Ecumenical Temple.
  5382 | Temple   | Entered the Ecumenical Temple
  5416 | Temple   | Became a worshipper of Makhleb the Destroyer
  5494 | D:6      | Reached skill level 1 in Invocations
  5832 | D:6      | Noticed a hornet
  5838 | D:6      | Paralysed by a hornet for 3 turns
  5841 | D:6      | Killed a hornet
  6035 | D:7      | Reached skill level 8 in Fighting
  6139 | D:7      | Reached XP level 9. HP: 18/74 MP: 10/12
  6656 | D:7      | Found a sacrificial altar of Ru.
  6807 | D:8      | Reached skill level 5 in Invocations
  6942 | D:8      | Reached * piety under Makhleb
  7369 | D:8      | Reached skill level 9 in Fighting
  7443 | D:8      | Found a staircase to the Lair.
  7625 | D:8      | Noticed a troll
  7639 | D:8      | Killed a troll
  8045 | D:8      | Found a basalt altar of Yredelemnul.
  8738 | D:8      | Killed from afar by an electric eel

Illustrated notes

Levels and vault maps discovered:
D:1:      lightli_arrival_flooded_house, layout_basic
D:2:      layout_loops_cross
D:3:      layout_basic, ebering_ecumenical_altar_rust,
          minmay_misc_feat_more_columns, minmay_ogre_servants
D:4:      layout_basic
D:5:      layout_loops_cross, hangedman_decor_push, uniq_pikel
D:6:      layout_basic, minmay_temple_entry_offerings, uniq_jeremiah
D:7:      layout_rooms, nicolae_ru_the_path_less_chosen,
          dreamdust_princess_corridor, minmay_misc_feat_hallway
D:8:      layout_cave_pods, minitemple, yredelemnul_altar_generic,
          erik_lair_island
Temple:   nicolae_temple_great_sept

Skill      XL: |  1  2  3  4  5  6  7  8  9 |
---------------+----------------------------+-----
Throwing       | 2 |  2.0
Axes           | 3 4 5 6 7 8 |  8.9
Dodging        | 3 |  3.0
Fighting       | 3 4 5 6 8 9 |  9.5
Invocations    | 4 7 |  7.4

Action                     |  1- 3 |  4- 6 |  7- 9 || total
---------------------------+-------+-------+-------++-------
  Melee: War axe           |   107 |    44 |       ||   151
         Punch             |     1 |     1 |     2 ||     4
         Headbutt          |     4 |    19 |    59 ||    82
         Broad axe         |       |    35 |   292 ||   327
         Battleaxe         |       |       |    19 ||    19
  Throw: Boomerang         |       |     1 |    13 ||    14
         Throwing net      |       |     1 |       ||     1
   Stab: Sleeping          |       |     3 |       ||     3
 Armour: Leather armour    |    80 |    26 |    31 ||   137
         Chain mail        |       |       |   300 ||   300
  Dodge: Dodged            |    92 |    57 |   333 ||   482
  Block: Other             |       |       |    76 ||    76

Table legend: (Time is in decaauts)
 A = Elapsed time spent in this place.
 B = Non-inter-level travel time spent in this place.
 C = Inter-level travel time spent in this place.
 D = Time resting spent in this place.
 E = Time spent auto-exploring this place.
 F = Levels seen in this place.
 G = Mean time per level.
                   A        B        C        D        E       F      G
               +--------+--------+--------+--------+--------+-----+--------+
         Total |   8880 |   8641 |    239 |   2689 |   4211 |   9 |  986.7 |
       Dungeon |   8837 |   8598 |    239 |   2689 |   4211 |   8 | 1104.6 |
        Temple |     42 |     42 |      0 |      0 |      0 |   1 |   42.0 |
               +--------+--------+--------+--------+--------+-----+--------+

Top non-repeatable levels by time:
     D:8: 1450 daAuts
     D:6: 1427 daAuts
     D:7: 1241 daAuts
     D:5: 1096 daAuts
     D:3: 1033 daAuts
     D:2: 977 daAuts
     D:4: 936 daAuts
     D:1: 675 daAuts
  Temple: 42 daAuts
